 Dungeon Crawl Stone Soup version 0.21.1-68-g103a7af (webtiles) character file.

112 meralisa the Insei (level 4, 0/39 HPs)
             Began as a Naga Transmuter on Aug 2, 2018.
             Was an Initiate of Vehumet.
             Killed from afar by Sigmund (2 damage)
             ... with a magic dart
             ... on level 3 of the Dungeon.
             The game lasted 00:17:35 (2360 turns).

meralisa the Insei (Naga Transmuter)                Turns: 2360, Time: 00:17:35

Health: 0/39       AC:  2    Str: 10 (12) XL:     4   Next: 95%
Magic:  0/7        EV: 19    Int: 16 (18) God:    Vehumet [......]
Gold:   120        SH:  0    Dex: 16 (18) Spells: 2/8 levels left

rFire    . . .     SeeInvis +     - Unarmed
rCold    + . .     Gourm    +   (shield currently unavailable)
rNeg     . . .     Faith    .   (armour currently unavailable)
rPois    x         Spirit   .   (helmet currently unavailable)
rElec    .         Reflect  .   (cloak currently unavailable)
rCorr    .         Harm     .   (gloves currently unavailable)
MR       .....                  (no barding)
Stlth    +.........             n - amulet of the gourmand
HPRegen  0.13/turn              p - ring of protection from cold
MPRegen  0.10/turn              (no ring)

@: confused, brilliant, lethally poisoned (0 -> -7), spider-form, very slightly
contaminated
A: tiny, see invisible, slow metabolism 1, spit poison 1, AC +1
a: Spit Poison, End Transformation, Renounce Religion


You were on level 3 of the Dungeon.
You worshipped Vehumet.
Vehumet was noncommittal.
You were very full.
You were a venomous arachnid creature.
You visited 1 branch of the dungeon, and saw 3 of its levels.

You collected 120 gold pieces.

Inventory:

Hand Weapons
 o - a +0 short sword of electrocution
 q - a +0 club
Missiles
 a - 11 arrows
 e - 13 sling bullets
 k - 8 bolts
Armour
 b - a +0 robe (melded)
 h - a +1 pair of gloves (melded)
Jewellery
 n - an amulet of the gourmand (around neck)
 p - a ring of protection from cold (left front leg)
Scrolls
 f - 2 scrolls of remove curse
 j - a scroll of teleportation {unknown}
 l - 3 scrolls of identify {unknown}
 s - a scroll of fear {unknown}
 v - a scroll of amnesia {unknown}
Potions
 g - a potion of mutation {unknown}
 i - a potion of haste {unknown}
 m - a potion of brilliance
 r - a potion of agility {unknown}
 x - a potion of lignification {unknown}
Books
 c - a book of Changes

   Spells                             Type                      Level
   a - Beastly Appendage              Transmutation                1
   b - Sticks to Snakes               Transmutation                2
   c - Spider Form                    Transmutation/Poison         3
   d - Ice Form                       Ice/Transmutation            4
   e - Blade Hands                    Transmutation                5
Comestibles
 d - 6 rations
 w - a chunk of flesh


   Skills:
 * Level 1.9 Fighting
 + Level 1.8 Dodging
 * Level 2.9 Stealth
 + Level 3.7 Unarmed Combat
 + Level 2.5 Spellcasting
 + Level 2.6 Transmutations


You had 2 spell levels left.
You knew the following spells:

 Your Spells              Type           Power        Failure   Level  Hunger
a - Beastly Appendage     Tmut           ###...       2%          1    #......
b - Sticks to Snakes      Tmut           ###.....     3%          2    ##.....
c - Spider Form           Tmut/Pois      ###.......   8%          3    ###....


Dungeon Overview and Level Annotations

Branches:
Dungeon (3/15)

Altars:
Makhleb
Trog
Vehumet

Annotations:
D:3 Sigmund


Innate Abilities, Weirdness & Mutations

You cannot wear boots.
((Your serpentine skin is tough. (AC +1)))
You have supernaturally acute eyesight. (SInv)
((Armour fits poorly on your strangely shaped body.))
((Your system is resistant to poisons. (rPois)))
((You cover ground very slowly.))
You have a slow metabolism.
You can spit poison.


Message History

Sigmund is severely wounded.
* * * LOW HITPOINT WARNING * * *
You feel sick.
Sigmund points at you and mumbles some strange words.
You are confused.
Are you sure you want to stumble around while confused and next to your ball python? [Y]es or [N]o only, please.
Are you sure you want to stumble around while confused and next to your ball python? [Y]es or [N]o only, please.
Are you sure you want to stumble around while confused and next to your ball python? [Y]es or [N]o only, please.
Are you sure you want to stumble around while confused and next to your ball python? [Y]es or [N]o only, please.
Are you sure you want to stumble around while confused and next to your ball python? [Y]es or [N]o only, please.
Are you sure you want to stumble around while confused and next to your ball python?
You bump into the rock wall.
Sigmund points at you and mumbles some strange words.
The magic dart hits you!
You die...

####.###.#..
######..#
#.......### ####
#.......'.#.#..#
#.......#.#.#..#
##......#.#.#..#
####+#+#.#.#.#..#
#........#.#.#..#
#........#.#.#@s#
#........#.#.#S.#
#...............#
######+#........#
#####.####
+........#
##########


You could see Sigmund (invisible) and a friendly ball python.

Vanquished Creatures
  A worker ant (D:2)
  5 adders
  An adder skeleton (D:2)
  3 worms (D:2)
  3 giant cockroaches
  4 hobgoblins
  3 jackals (D:1)
  4 kobolds
  2 quokkas (D:2)
  6 bats
  2 frilled lizards (D:2)
  4 goblins
  3 rats
41 creatures vanquished.

Vanquished Creatures (collateral kills)
  A bat (D:2)
1 creature vanquished.

Vanquished Creatures (others)
  A bat (D:3)
1 creature vanquished.

Grand Total: 43 creatures vanquished

Notes
Turn   | Place    | Note
-------+----------+-------------------------------------------
     0 | D:1      | meralisa the Naga Transmuter began the quest for the Orb.
     0 | D:1      | Reached XP level 1. HP: 18/18 MP: 3/3
   124 | D:1      | Reached XP level 2. HP: 22/25 MP: 3/5
   128 | D:1      | Learned a level 2 spell: Sticks to Snakes
   158 | D:1      | Reached skill level 1 in Stealth
   840 | D:2      | Found a bloodstained altar of Trog.
   903 | D:2      | Reached XP level 3. HP: 27/31 MP: 6/6
  1222 | D:2      | Reached XP level 4. HP: 38/38 MP: 7/7
  1491 | D:2      | Learned a level 3 spell: Spider Form
  1494 | D:2      | Found a radiant altar of Vehumet.
  1504 | D:2      | Became a worshipper of Vehumet
  2295 | D:3      | Found a burning altar of Makhleb.
  2336 | D:3      | Noticed Sigmund
  2360 | D:3      | Killed from afar by Sigmund

Skill      XL: |  1  2 |
---------------+-------+-----
Stealth        | 2 |  2.9
Fighting       | |  1.9
Dodging        | |  1.8
Unarmed Combat | |  3.7
Spellcasting   | |  2.5
Transmutations | |  2.6

Action                   |  1- 3 |  4- 6 || total
-------------------------+-------+-------++-------
Melee: Unarmed           |    43 |    60 ||   103
       Headbutt          |     8 |     2 ||    10
       Punch             |       |     1 ||     1
 Cast: Beastly Appendage |    10 |     5 ||    15
       Sticks to Snakes  |     4 |     9 ||    13
       Spider Form       |       |     1 ||     1
 Abil: Spit Poison       |    16 |    16 ||    32
  Use: Potion            |       |     3 ||     3
       Scroll            |       |     1 ||     1
 Stab: Distracted        |       |     1 ||     1
  Eat: Chunk             |    10 |     8 ||    18
Armor: Robe              |    20 |    16 ||    36
Dodge: Dodged            |    30 |    36 ||    66
